 Dungeon Crawl Stone Soup version 0.24-a0-368-g0e0cebd0f3 (webtiles) character file.

Game seed: 6927412444978988186

28746 incide the Thaumaturge (level 13, 0/101 HPs)
             Began as a Gnoll Skald on May 29, 2019.
             Was a High Priest of Sif Muna.
             Killed by divine providence
             ... invoked by a smoke demon
              (16 damage)
             ... on level 6 of the Lair of Beasts.
             The game lasted 01:23:45 (13934 turns).

incide the Thaumaturge (Gnoll Skald)               Turns: 13934, Time: 01:23:46

Health: 0/101      AC: 13    Str: 19    XL:     13   Next: 40%
Magic:  16/29      EV: 19    Int: 20    God:    Sif Muna [*****.]
Gold:   826        SH:  7    Dex: 19    Spells: 14/31 levels left

rFire    + + .     SeeInvis .   v - +3 morningstar (protect)
rCold    . . .     Gourm    +   F - +0 buckler
rNeg     . . .     Faith    .   T - +3 salamander hide armour {+Rage rF++}
rPois    .         Spirit   .   (helmet restricted)
rElec    .         Reflect  .   U - +0 cloak
rCorr    .         Harm     .   h - +1 pair of gloves
MR       .....                  j - +1 pair of boots {run}
Stlth    +++++.....             M - amulet of Uneruk {Gourm Slay+2 Stlth+}
HPRegen  1.26/turn              y - +5 ring of dexterity
MPRegen  0.21/turn              b - +4 ring of strength

@: lethally poisoned (0 -> 0), about to teleport, regenerating, quick
A: distributed training, fangs 1, horns 1, high mp 1, strong nose
a: Divine Energy, Channel Magic, Forget Spell, Renounce Religion, Evoke Berserk
Rage


You were on level 6 of the Lair of Beasts.
You worshipped Sif Muna.
Sif Muna was extremely pleased with you.
You were full.

You visited 3 branches of the dungeon, and saw 17 of its levels.
You also visited: Bailey and Gauntlet.

You collected 988 gold pieces.
You spent 162 gold pieces at shops.

Inventory:

Hand Weapons
 m - the +4 hunting sling of Veiczuach {venom, rF+ rN+}
   (You found it on level 4 of the Dungeon)

   It poisons the ammo it fires.
   It protects you from fire.
   It protects you from negative energy.
 v - a +3 morningstar of protection (weapon)
 w - the +9 hand axe "Coxar" {antimagic, +Fly}
   (You found it on level 4 of the Lair of Beasts)

   It reduces the magical energy of the wielder, and disrupts the spells and
   magical abilities of those hit.
   Natural abilities and divine invocations are not affected.
   It lets you fly.
Missiles
 t - 18 silver javelins (quivered)
 A - 3 throwing nets
 R - 68 sling bullets
Armour
 h - a +1 pair of gloves (worn)
 j - a +1 pair of boots of running (worn)
 F - a +0 buckler (worn)
 S - the +4 ring mail of Emoeseuly {+Inv rC+ Str-5 Dex+4}
   (You took it off a minotaur in a Gauntlet)

   It affects your strength (-5).
   It affects your dexterity (+4).
   It protects you from cold.
   It lets you turn invisible.
 T - the +3 salamander hide armour (worn) {+Rage rF++}
   (You found it in a Gauntlet)

   It greatly protects you from fire.
   It lets you go berserk.
 U - a +0 cloak (worn)
 W - a +2 helmet of see invisible
 Y - the +1 leather armour "Qaweaq" {rCorr MP+9}
   (You found it in a bailey)

   It affects your magic capacity (+9).
   It provides partial protection from all sources of acid and corrosion.
Magical Staves
 Q - an uncursed staff of conjuration {!a}
Jewellery
 b - a +4 ring of strength (right hand)
 c - an uncursed ring of flight
 y - a +5 ring of dexterity (left hand)
 B - an uncursed ring of positive energy
 C - an uncursed ring of magical power
 H - an uncursed ring of wizardry
 M - the amulet of Uneruk (around neck) {Gourm Slay+2 Stlth+}
   (You found it in a Gauntlet)

   [amulet of the gourmand]

   It allows you to eat raw meat even when not hungry.
   It affects your accuracy and damage with ranged weapons and melee attacks
   (+2).
   It makes you more stealthy.
 Z - an uncursed amulet of regeneration
Wands
 e - a wand of flame (25)
 f - a wand of clouds (6)
 p - a wand of digging (5)
 s - a wand of acid (13)
 z - a wand of disintegration (31)
 D - a wand of iceblast (24)
 P - a wand of random effects (81)
 X - a wand of paralysis (4)
Scrolls
 g - 2 scrolls of amnesia {unknown}
 n - 8 scrolls of enchant armour
 o - 2 scrolls of fear {unknown}
 q - a scroll of vulnerability {unknown}
 r - 3 scrolls of immolation
 u - 8 scrolls of remove curse
 J - 3 scrolls of blinking
 L - 3 scrolls of enchant weapon
 O - 6 scrolls of teleportation
 V - a scroll of magic mapping
Potions
 a - a potion of flight
 i - a potion of magic
 k - 3 potions of agility
 l - 10 potions of curing
 I - 3 potions of brilliance
 K - a potion of ambrosia {!e}
 N - 2 potions of cancellation
Miscellaneous
 E - a lightning rod (4/4)
 G - a phantom mirror
Comestibles
 d - 46 rations


   Skills:
 + Level 9.4 Fighting
 + Level 8.1 Short Blades
 + Level 8.1 Long Blades
 + Level 9.4 Axes
 + Level 8.1 Maces & Flails
 + Level 8.1 Polearms
 + Level 8.1 Staves
 + Level 8.1 Slings
 + Level 8.1 Bows
 + Level 8.1 Crossbows
 + Level 8.1 Throwing
 + Level 8.6 Armour
 + Level 9.4 Dodging
 + Level 8.1 Stealth
 + Level 8.1 Shields
 + Level 8.1 Unarmed Combat
 + Level 9.6 Spellcasting
 + Level 6.7 Conjurations
 + Level 6.7 Hexes
 + Level 8.8 Charms
 + Level 6.7 Summonings
 + Level 6.7 Necromancy
 + Level 6.7 Translocations
 + Level 6.7 Transmutations
 + Level 6.7 Fire Magic
 + Level 6.7 Ice Magic
 + Level 6.7 Air Magic
 + Level 6.7 Earth Magic
 + Level 6.7 Poison Magic
 + Level 8.9 Invocations
 + Level 8.1 Evocations


You had 14 spell levels left.
You knew the following spells:

 Your Spells              Type           Power        Failure   Level  Hunger
a - Infusion              Chrm           ####         1%          1    None
b - Song of Slaying       Chrm           #####...     1%          2    None
c - Shroud of Golubria    Chrm/Tloc      #####.....   1%          2    None
d - Regeneration          Chrm/Necr      #####.....   1%          3    None
e - Spectral Weapon       Hex/Chrm       #####...     1%          3    None
f - Sublimation of Blood  Necr           #####.....   1%          2    None
g - Petrify               Tmut/Erth      #####...     4%          4    ##.....

Your spell library contained the following spells:

 Spells                   Type           Power        Failure   Level  Hunger
 Confusing Touch          Hex            #####.       1%          1    None
 Magic Dart               Conj           ####         1%          1    None
 Sting                    Conj/Pois      ####         1%          1    None
 Corpse Rot               Necr           N/A          1%          2    None
 Poisonous Vapours        Pois/Air       #####.       1%          2    None
 Searing Ray              Conj           #####.       1%          2    None
 Confuse                  Hex            #####...     1%          3    None
 Dazzling Spray           Conj/Hex       #####.       1%          3    None
 Gell's Gravitas          Tloc           #####.....   1%          3    None
 Mephitic Cloud           Conj/Pois/Air  #####...     1%          3    None
 Recall                   Summ/Tloc      N/A          1%          3    None
 Cause Fear               Hex            #####.....   4%          4    ##.....
 Force Lance              Conj/Tloc      #####...     4%          4    ##.....
 Fulminant Prism          Conj/Hex       #####.....   4%          4    ##.....
 Iskenderun's Mystic Bla  Conj           #####...     4%          4    ##.....
 Olgreb's Toxic Radiance  Pois           #####...     4%          4    ##.....
 Excruciating Wounds      Chrm/Necr      #####.....   10%         5    #####..
 Iskenderun's Battlesphe  Conj/Chrm      #####...     10%         5    #####..
 Agony                    Necr           #####...     14%         5    #####..
 Aura of Abjuration       Summ           #####.....   14%         5    #####..
 Bolt of Draining         Conj/Necr      #####.....   14%         5    #####..
 Bolt of Magma            Conj/Fire/Erth #####.....   14%         5    #####..
 Dispel Undead            Necr           #####...     14%         5    #####..
 Irradiate                Conj/Tmut      #####.....   14%         5    #####..
 Metabolic Englaciation   Hex/Ice        #####.....   14%         5    #####..
 Silence                  Hex/Air        #####.....   14%         5    #####..
 Summon Demon             Summ           #####.....   14%         5    #####..
 Summon Forest            Summ/Tloc      #####.....   14%         5    #####..
 Summon Mana Viper        Hex/Summ       #####...     14%         5    #####..
 Venom Bolt               Conj/Pois      #####.....   14%         5    #####..
 Yara's Violent Unravell  Hex/Tmut       #####.....   14%         5    #####..
 Deflect Missiles         Chrm/Air       #####.....   45%         6    ######.
 Hydra Form               Tmut           #####.....   61%         6    ######.
 Iron Shot                Conj/Erth      #####.....   61%         6    ######.
 Shadow Creatures         Summ           N/A          61%         6    ######.
 Statue Form              Tmut/Erth      #####....    61%         6    ######.
 Dragon Form              Tmut           #####.....   99%         7    #######
 Orb of Destruction       Conj           #####.....   99%         7    #######
 Spellforged Servitor     Conj/Summ      #####.....   99%         7    #######
 Discord                  Hex            #####.....   100%        8    #######


Dungeon Overview and Level Annotations

Branches:
Dungeon (10/15)            Temple (1/1) D:4            Lair (5/6) D:8
 Shoals (0/4) Lair:3        Snake (0/4) Lair:4        Slime (0/5) Lair:6
    Orc: D:9-12

Altars:
Ashenzari
Cheibriados
Dithmenos
Elyvilon
Fedhas
Gozag
Hepliaklqana
Kikubaaqudgha
Makhleb
Nemelex Xobeh
Okawaru
Qazlal
Ru
Sif Muna
Trog
Uskayaw
Vehumet
Wu Jian
Xom
Yredelemnul
Zin
The Shining One

Shops:
D:5 ?

Annotations:
D:9 exclusion: door
Lair:5 exclusion: 3 oklob plants


Innate Abilities, Weirdness & Mutations

Your experience applies equally to all skills.
You have very sharp teeth.
Your uncanny sense of smell can sniff out nearby items.
You have a pair of small horns on your head.
You have an increased reservoir of magic. (+10% MP)


Message History

Your spectral weapon fades away.
* * * LOW HITPOINT WARNING * * *
The orange demon completely misses you.
The hell hound barks!
You feel much better.
You feel sick. The hell hound completely misses you.
You block the hell hound's attack.
The red devil hits you from afar with a +0 trident!
You block the hell hound's attack. The orange demon stings you from afar!
As you read the scroll of teleportation, it crumbles to dust.
You feel strangely unstable.
You feel sick. The hell hound misses you. The hell hound closely misses you.
A red devil comes into view.
It is wielding a +0 demon trident of flaming.
You block the red devil's attack. The orange demon stings you from afar!
* * * LOW HITPOINT WARNING * * *
The hell hound bites you!
* * * LOW HITPOINT WARNING * * *
You feel sick.
The smoke demon gestures at the hell hound.
Something smites you!
You die...

♣....♣ ♣♣♣......†♣♣
♣♣..♣♣ ##''######
♣♣♣P♣♣.♣♣ ♣♣..♣
.........#########+♣♣♣♣♣
♣♣♣.†
8....8...#........#♣
♣♣..♣†
.........'...8)8..#
♣..♣♣.
##########..8.#...#
♣♣.♣♣♣♣ #...8.#†.# ♣♣..♣
♣ .#..#48...# ♣...♣♣
4'...#.8@.# ♣....♣
.#..838h..# ♣♣...♣
#...4.h..# ♣♣♣♣♣
##########


You could see an orange demon, a smoke demon, a red devil and 2 hell hounds.

Vanquished Creatures
  A minotaur (Gauntlet)
  Harold (D:9)
  2 two-headed ogres (D:9)
  An orc high priest (Bailey)
  A sun demon (Lair:6)
  A wizard (Lair:6)
  2 orc knights (Bailey)
  An orc sorcerer (Bailey)
  The ghost of aaksess the Ogre Mage, a novice OgWz (D:5)
  5 elephants
  2 merfolk sirens (Lair:3)
  3 black mambas (Lair:6)
  4 spiny frogs
  4 rime drakes
  3 komodo dragons
  2 ice devils (Lair:6)
  2 merfolk (Lair:3)
  A tyrant leech (Gauntlet)
  2 polar bears
  A troll (D:9)
  A blink frog (Lair:5)
  7 hippogriffs
  12 yaks (Lair:2)
  Grum (D:9)
  2 fire bats (Lair:1)
  5 wyverns
  A fire elemental (Lair:1)
  3 basilisks
  A hungry ghost (D:6)
  A steam dragon (D:9)
  2 swamp worms (Gauntlet)
  2 nagas (Lair:4)
  An acid dragon (D:8)
  Duvessa (D:6)
  2 hell hounds (Lair:6)
  6 water moccasins
  10 porcupines
  11 orc warriors
  2 sky beasts
  2 ice beasts (D:8)
  2 black bears (D:6)
  4 phantoms
  20 wolves
  A necrophage (D:5)
  4 ogres
  A centaur (D:9)
  7 crocodiles
  12 bullfrogs
  Dowan (D:6)
  2 jellies
  3 scorpions
  8 wights
  4 electric eels
  A lava snake (D:7)
  2 centaur zombies
  2 crimson imps
  A bullfrog zombie (D:8)
  3 quasits (D:5)
  3 orc priests
  A hound (D:4)
  A centaur skeleton (D:6)
  2 iguanas (D:6)
  An orc wizard (D:7)
  4 worker ants
  A killer bee zombie (D:6)
  A hound zombie (D:9)
  2 hound skeletons
  A worker ant zombie (D:6)
  9 adders
  9 gnolls
  2 howler monkey skeletons
  2 shadow imps
  3 oozes
  3 adder zombies
  2 worms (D:2)
  4 dart slugs
  5 leopard geckos
  28 orcs
  2 ball pythons
  5 bats
  6 giant cockroaches
  16 goblins
  17 hobgoblins
  10 jackals
  4 quokkas
  6 frilled lizards
  4 kobolds
  2 leopard gecko skeletons
  A leopard gecko zombie (D:3)
  A quokka skeleton (D:5)
  8 rats
  A plant (Lair:3)
358 creatures vanquished.

Vanquished Creatures (others)
  A demonic plant (Gauntlet)
  6 fungi
  2 plants (Lair:3)
  21 spectral weapons
30 creatures vanquished.

Grand Total: 388 creatures vanquished

Notes
Turn   | Place    | Note
-------+----------+-------------------------------------------
     0 | D:1      | incide the Gnoll Skald began the quest for the Orb.
     0 | D:1      | Reached XP level 1. HP: 20/20 MP: 6/6
   112 | D:1      | Reached XP level 2. HP: 21/26 MP: 7/7
   282 | D:1      | Learned a level 2 spell: Song of Slaying
   285 | D:1      | Learned a level 2 spell: Shroud of Golubria
   454 | D:1      | Reached XP level 3. HP: 31/31 MP: 9/9
   550 | D:1      | Reached skill level 5 in Spellcasting
   568 | D:1      | Learned a level 3 spell: Regeneration
   572 | D:1      | Learned a level 3 spell: Spectral Weapon
   884 | D:2      | Reached skill level 1 in Invocations
   898 | D:2      | Reached skill level 1 in Short Blades
   898 | D:2      | Reached skill level 1 in Long Blades
   898 | D:2      | Reached skill level 1 in Maces & Flails
   898 | D:2      | Reached skill level 1 in Polearms
   898 | D:2      | Reached skill level 1 in Staves
   898 | D:2      | Reached skill level 1 in Slings
   898 | D:2      | Reached skill level 1 in Bows
   898 | D:2      | Reached skill level 1 in Crossbows
   898 | D:2      | Reached skill level 1 in Throwing
   898 | D:2      | Reached skill level 1 in Stealth
   898 | D:2      | Reached skill level 1 in Shields
   898 | D:2      | Reached skill level 1 in Unarmed Combat
   898 | D:2      | Reached skill level 1 in Evocations
  1008 | D:2      | Reached XP level 4. HP: 20/38 MP: 3/11
  1606 | D:3      | Found a burning altar of Makhleb.
  1700 | D:3      | Reached skill level 1 in Conjurations
  1700 | D:3      | Reached skill level 1 in Hexes
  1700 | D:3      | Reached skill level 1 in Summonings
  1700 | D:3      | Reached skill level 1 in Necromancy
  1700 | D:3      | Reached skill level 1 in Translocations
  1700 | D:3      | Reached skill level 1 in Transmutations
  1700 | D:3      | Reached skill level 1 in Fire Magic
  1700 | D:3      | Reached skill level 1 in Ice Magic
  1700 | D:3      | Reached skill level 1 in Air Magic
  1700 | D:3      | Reached skill level 1 in Earth Magic
  1700 | D:3      | Reached skill level 1 in Poison Magic
  1756 | D:3      | Reached XP level 5. HP: 29/43 MP: 2/12
  1789 | D:3      | Reached skill level 3 in Armour
  2149 | D:3      | Found an opulent altar of Gozag.
  2280 | D:3      | Reached skill level 2 in Invocations
  2280 | D:3      | Reached XP level 6. HP: 49/50 MP: 13/13
  2377 | D:4      | Reached skill level 5 in Fighting
  2377 | D:4      | Reached skill level 2 in Short Blades
  2377 | D:4      | Reached skill level 2 in Long Blades
  2377 | D:4      | Reached skill level 5 in Axes
  2377 | D:4      | Reached skill level 2 in Maces & Flails
  2377 | D:4      | Reached skill level 2 in Polearms
  2377 | D:4      | Reached skill level 2 in Staves
  2377 | D:4      | Reached skill level 2 in Slings
  2377 | D:4      | Reached skill level 2 in Bows
  2377 | D:4      | Reached skill level 2 in Crossbows
  2377 | D:4      | Reached skill level 2 in Throwing
  2377 | D:4      | Reached skill level 5 in Dodging
  2377 | D:4      | Reached skill level 2 in Stealth
  2377 | D:4      | Reached skill level 2 in Shields
  2377 | D:4      | Reached skill level 2 in Unarmed Combat
  2377 | D:4      | Reached skill level 2 in Evocations
  2582 | D:4      | Found a staircase to the Ecumenical Temple.
  2615 | Temple   | Entered the Ecumenical Temple
  2866 | D:4      | Reached XP level 7. HP: 47/56 MP: 15/15
  2894 | D:4      | Found an ornate altar of the Wu Jian Council.
  2896 | D:4      | Found an iron altar of Okawaru.
  2908 | D:4      | Got a brightly glowing hunting sling
  2909 | D:4      | Identified the +4 hunting sling of Veiczuach {venom, rF+
                  | rN+} (You found it on level 4 of the Dungeon)
  3059 | D:5      | Entered Level 5 of the Dungeon
  3653 | D:5      | Reached skill level 2 in Conjurations
  3653 | D:5      | Reached skill level 2 in Hexes
  3653 | D:5      | Reached skill level 2 in Summonings
  3653 | D:5      | Reached skill level 2 in Necromancy
  3653 | D:5      | Reached skill level 2 in Translocations
  3653 | D:5      | Reached skill level 2 in Transmutations
  3653 | D:5      | Reached skill level 2 in Fire Magic
  3653 | D:5      | Reached skill level 2 in Ice Magic
  3653 | D:5      | Reached skill level 2 in Air Magic
  3653 | D:5      | Reached skill level 2 in Earth Magic
  3653 | D:5      | Reached skill level 2 in Poison Magic
  3771 | D:5      | Found a transporter.
  3809 | D:5      | Reached skill level 3 in Invocations
  3821 | D:5      | Noticed aaksess's ghost (novice OgWz)
  3838 | D:5      | Found a transporter.
  3905 | D:5      | Found Tadwaug's Magic Scroll Boutique.
  3910 | D:5      | Bought a scroll of teleportation for 39 gold pieces
  3910 | D:5      | Bought a scroll of identify for 26 gold pieces
  3910 | D:5      | Bought a scroll of enchant armour for 97 gold pieces
  3926 | D:5      | Found a deep blue altar of Sif Muna.
  4103 | D:5      | Became a worshipper of Sif Muna the Loreminder
  4302 | D:6      | Reached skill level 6 in Charms
  4302 | D:6      | Reached XP level 8. HP: 46/63 MP: 15/16
  4330 | D:6      | Reached skill level 3 in Short Blades
  4330 | D:6      | Reached skill level 3 in Long Blades
  4330 | D:6      | Reached skill level 3 in Maces & Flails
  4330 | D:6      | Reached skill level 3 in Polearms
  4330 | D:6      | Reached skill level 3 in Staves
  4330 | D:6      | Reached skill level 3 in Slings
  4330 | D:6      | Reached skill level 3 in Bows
  4330 | D:6      | Reached skill level 3 in Crossbows
  4330 | D:6      | Reached skill level 3 in Throwing
  4330 | D:6      | Reached skill level 4 in Armour
  4330 | D:6      | Reached skill level 3 in Stealth
  4330 | D:6      | Reached skill level 3 in Shields
  4330 | D:6      | Reached skill level 3 in Unarmed Combat
  4330 | D:6      | Reached skill level 3 in Evocations
  4345 | D:6      | Reached skill level 6 in Spellcasting
  4422 | D:6      | Noticed Duvessa
  4433 | D:6      | Found a glowing silver altar of Zin.
  4447 | D:6      | Noticed Dowan
  4451 | D:6      | Killed Duvessa
  4455 | D:6      | Killed Dowan
  4542 | D:6      | Found a glowing golden altar of the Shining One.
  4572 | D:6      | Gained mutation: You are robust. (+10% HP) [potion of
                  | mutation]
  4572 | D:6      | Lost mutation: You are robust. (+10% HP) [potion of
                  | mutation]
  4572 | D:6      | Gained mutation: You have a pair of small horns on your
                  | head. [potion of mutation]
  4572 | D:6      | Gained mutation: You are somewhat resistant to further
                  | mutation. [potion of mutation]
  4598 | D:6      | Reached skill level 4 in Invocations
  4603 | D:6      | Reached skill level 3 in Conjurations
  4603 | D:6      | Reached skill level 3 in Hexes
  4603 | D:6      | Reached skill level 3 in Summonings
  4603 | D:6      | Reached skill level 3 in Necromancy
  4603 | D:6      | Reached skill level 3 in Translocations
  4603 | D:6      | Reached skill level 3 in Transmutations
  4603 | D:6      | Reached skill level 3 in Fire Magic
  4603 | D:6      | Reached skill level 3 in Ice Magic
  4603 | D:6      | Reached skill level 3 in Air Magic
  4603 | D:6      | Reached skill level 3 in Earth Magic
  4603 | D:6      | Reached skill level 3 in Poison Magic
  4642 | D:6      | Reached XP level 9. HP: 56/69 MP: 18/18
  4677 | D:6      | Reached skill level 6 in Fighting
  4677 | D:6      | Reached skill level 6 in Axes
  4677 | D:6      | Reached skill level 6 in Dodging
  4829 | D:6      | Found a radiant altar of Vehumet.
  4937 | D:6      | Reached skill level 4 in Short Blades
  4937 | D:6      | Reached skill level 4 in Long Blades
  4937 | D:6      | Reached skill level 4 in Maces & Flails
  4937 | D:6      | Reached skill level 4 in Polearms
  4937 | D:6      | Reached skill level 4 in Staves
  4937 | D:6      | Reached skill level 4 in Slings
  4937 | D:6      | Reached skill level 4 in Bows
  4937 | D:6      | Reached skill level 4 in Crossbows
  4937 | D:6      | Reached skill level 4 in Throwing
  4937 | D:6      | Reached skill level 4 in Stealth
  4937 | D:6      | Reached skill level 4 in Shields
  4937 | D:6      | Reached skill level 4 in Unarmed Combat
  4937 | D:6      | Reached skill level 4 in Evocations
  5346 | D:7      | Reached skill level 5 in Armour
  5437 | D:7      | Found a hide-covered altar of Uskayaw.
  5479 | D:7      | Reached * piety under Sif Muna
  5559 | D:7      | Found a shimmering altar of Xom.
  5854 | D:7      | Found a bloodstained altar of Trog.
  5927 | D:7      | Found a stormy altar of Qazlal.
  6260 | D:8      | Found a shattered altar of Ashenzari.
  6338 | D:8      | Reached skill level 5 in Invocations
  6514 | D:8      | Noticed a komodo dragon
  6519 | D:8      | Killed a komodo dragon
  6519 | D:8      | Reached skill level 7 in Spellcasting
  6519 | D:8      | Reached XP level 10. HP: 60/77 MP: 20/20
  6520 | D:8      | Reached skill level 4 in Conjurations
  6520 | D:8      | Reached skill level 4 in Hexes
  6520 | D:8      | Reached skill level 4 in Summonings
  6520 | D:8      | Reached skill level 4 in Necromancy
  6520 | D:8      | Reached skill level 4 in Translocations
  6520 | D:8      | Reached skill level 4 in Transmutations
  6520 | D:8      | Reached skill level 4 in Fire Magic
  6520 | D:8      | Reached skill level 4 in Ice Magic
  6520 | D:8      | Reached skill level 4 in Air Magic
  6520 | D:8      | Reached skill level 4 in Earth Magic
  6520 | D:8      | Reached skill level 4 in Poison Magic
  6534 | D:8      | HP: 10/77 [crocodile (16)]
  6602 | D:8      | Found a staircase to the Lair.
  6642 | Lair:1   | Entered Level 1 of the Lair of Beasts
  6854 | D:8      | Reached skill level 5 in Short Blades
  6854 | D:8      | Reached skill level 5 in Long Blades
  6854 | D:8      | Reached skill level 5 in Maces & Flails
  6854 | D:8      | Reached skill level 5 in Polearms
  6854 | D:8      | Reached skill level 5 in Staves
  6854 | D:8      | Reached skill level 5 in Slings
  6854 | D:8      | Reached skill level 5 in Bows
  6854 | D:8      | Reached skill level 5 in Crossbows
  6854 | D:8      | Reached skill level 5 in Throwing
  6854 | D:8      | Reached skill level 5 in Stealth
  6854 | D:8      | Reached skill level 5 in Shields
  6854 | D:8      | Reached skill level 5 in Unarmed Combat
  6854 | D:8      | Reached skill level 5 in Evocations
  7089 | D:8      | Lost mutation: You have a pair of small horns on your head.
                  | [potion of mutation]
  7089 | D:8      | Lost mutation: You are somewhat resistant to further
                  | mutation. [potion of mutation]
  7089 | D:8      | Gained mutation: Your mind is acute. (Int +2) [potion of
                  | mutation]
  7089 | D:8      | Gained mutation: You have an increased reservoir of magic.
                  | (+10% MP) [potion of mutation]
  7089 | D:8      | Gained mutation: You occasionally shout uncontrollably at
                  | your foes. [potion of mutation]
  7089 | D:8      | Gained mutation: You are partially covered in slimy green
                  | scales. (AC +2) [potion of mutation]
  7222 | D:9      | Found a flagged portal.
  7244 | Bailey   | Entered a bailey
  7345 | Bailey   | Reached skill level 7 in Charms
  7368 | Bailey   | Found an iron altar of Okawaru.
  7368 | Bailey   | Noticed an orc high priest
  7368 | Bailey   | Noticed an orc sorcerer
  7379 | Bailey   | Noticed a sun demon
  7385 | Bailey   | Killed an orc sorcerer
  7385 | Bailey   | Reached skill level 7 in Fighting
  7385 | Bailey   | Reached skill level 7 in Axes
  7385 | Bailey   | Reached skill level 7 in Dodging
  7394 | Bailey   | Noticed an orange demon
  7442 | Bailey   | Noticed an orc knight
  7444 | Bailey   | Killed an orc high priest
  7444 | Bailey   | Reached skill level 6 in Armour
  7467 | Bailey   | Killed an orc knight
  7467 | Bailey   | Reached ** piety under Sif Muna
  7467 | Bailey   | Reached skill level 6 in Invocations
  7505 | Bailey   | Identified the +1 leather armour "Qaweaq" {rCorr MP+9}
  7728 | Bailey   | Learned a level 2 spell: Sublimation of Blood
  7735 | Bailey   | Lost mutation: You occasionally shout uncontrollably at
                  | your foes. [potion of mutation]
  7735 | Bailey   | Lost mutation: You have an increased reservoir of magic.
                  | (+10% MP) [potion of mutation]
  7735 | Bailey   | Lost mutation: Your mind is acute. (Int +2) [potion of
                  | mutation]
  7735 | Bailey   | Gained mutation: You have sharp fingernails. [potion of
                  | mutation]
  7735 | Bailey   | Gained mutation: You are frail. (-10% HP) [potion of
                  | mutation]
  7735 | Bailey   | Gained mutation: You are partially covered in thin metallic
                  | scales. (AC +2) [potion of mutation]
  7971 | Bailey   | Noticed an orc knight
  8061 | Bailey   | Killed an orc knight
  8061 | Bailey   | Reached XP level 11. HP: 67/75 MP: 22/22
  8260 | D:9      | Noticed a two-headed ogre
  8266 | D:10     | Entered Level 10 of the Dungeon
  8281 | D:9      | Killed a two-headed ogre
  8281 | D:9      | Reached skill level 6 in Short Blades
  8281 | D:9      | Reached skill level 6 in Long Blades
  8281 | D:9      | Reached skill level 6 in Maces & Flails
  8281 | D:9      | Reached skill level 6 in Polearms
  8281 | D:9      | Reached skill level 6 in Staves
  8281 | D:9      | Reached skill level 6 in Slings
  8281 | D:9      | Reached skill level 6 in Bows
  8281 | D:9      | Reached skill level 6 in Crossbows
  8281 | D:9      | Reached skill level 6 in Throwing
  8281 | D:9      | Reached skill level 6 in Stealth
  8281 | D:9      | Reached skill level 6 in Shields
  8281 | D:9      | Reached skill level 6 in Unarmed Combat
  8281 | D:9      | Reached skill level 6 in Evocations
  8382 | D:9      | Reached skill level 5 in Conjurations
  8382 | D:9      | Reached skill level 5 in Hexes
  8382 | D:9      | Reached skill level 5 in Summonings
  8382 | D:9      | Reached skill level 5 in Necromancy
  8382 | D:9      | Reached skill level 5 in Translocations
  8382 | D:9      | Reached skill level 5 in Transmutations
  8382 | D:9      | Reached skill level 5 in Fire Magic
  8382 | D:9      | Reached skill level 5 in Ice Magic
  8382 | D:9      | Reached skill level 5 in Air Magic
  8382 | D:9      | Reached skill level 5 in Earth Magic
  8382 | D:9      | Reached skill level 5 in Poison Magic
  8388 | D:9      | Noticed Harold
  8400 | D:9      | Killed Harold
  8400 | D:9      | Reached skill level 8 in Spellcasting
  8659 | D:9      | Noticed Grum
  8674 | D:9      | Killed Grum
  8750 | D:9      | Noticed a two-headed ogre
  8754 | D:9      | Killed a two-headed ogre
  8987 | D:5      | Killed aaksess's ghost
  8987 | D:5      | Reached skill level 7 in Invocations
  9209 | Lair:1   | Reached skill level 8 in Fighting
  9209 | Lair:1   | Reached skill level 8 in Axes
  9209 | Lair:1   | Reached skill level 7 in Armour
  9209 | Lair:1   | Reached skill level 8 in Dodging
  9358 | Lair:1   | Reached *** piety under Sif Muna
  9560 | Lair:2   | Found a gate leading to a gauntlet.
  9569 | Gauntlet | Entered a Gauntlet
  9569 | Gauntlet | Found a transporter.
  9572 | Gauntlet | Found a transporter.
  9573 | Gauntlet | Found a transporter.
  9576 | Gauntlet | Noticed a dire elephant
  9578 | Gauntlet | Found a transporter.
  9582 | Gauntlet | Noticed a green ugly thing
  9585 | Gauntlet | Noticed a purple ugly thing
  9585 | Gauntlet | Noticed a glowing orange brain
  9586 | Gauntlet | Found a transporter.
  9586 | Gauntlet | Found a transporter.
  9586 | Gauntlet | Noticed a ghost crab
  9587 | Gauntlet | Noticed a glowing orange brain
  9588 | Gauntlet | Found a transporter.
  9588 | Gauntlet | Found a transporter.
  9590 | Gauntlet | Found the +3 salamander hide armour {+Rage rF++}
  9608 | Gauntlet | Found a transporter.
  9612 | Gauntlet | Noticed a green death
  9630 | Gauntlet | Found a transporter.
  9632 | Gauntlet | Found a transporter.
  9632 | Gauntlet | Noticed a ghost crab
  9640 | Gauntlet | Found a transporter.
  9778 | Gauntlet | HP: 10/77 [dire elephant (26)]
 10041 | Gauntlet | HP: 13/77 [swamp worm (10)]
 10047 | Gauntlet | HP: 14/77 [swamp worm (3)]
 10154 | Gauntlet | Got a fine platinum amulet
 10157 | Gauntlet | Identified the amulet of Uneruk {Gourm Slay+2 Stlth+} (You
                  | found it in a Gauntlet)
 10168 | Gauntlet | Identified a +1 pair of boots of running (You found it in a
                  | Gauntlet)
 10201 | Gauntlet | Identified the +4 ring mail of Emoeseuly {+Inv rC+ Str-5
                  | Dex+4}
 10201 | Gauntlet | Noticed a minotaur
 10218 | Gauntlet | Killed a minotaur
 10218 | Gauntlet | Reached XP level 12. HP: 37/83 MP: 24/24
 10411 | Lair:2   | Reached skill level 8 in Charms
 10442 | Lair:2   | Learned a level 4 spell: Petrify
 10781 | Lair:2   | Reached skill level 7 in Short Blades
 10781 | Lair:2   | Reached skill level 7 in Long Blades
 10781 | Lair:2   | Reached skill level 7 in Maces & Flails
 10781 | Lair:2   | Reached skill level 7 in Polearms
 10781 | Lair:2   | Reached skill level 7 in Staves
 10781 | Lair:2   | Reached skill level 7 in Slings
 10781 | Lair:2   | Reached skill level 7 in Bows
 10781 | Lair:2   | Reached skill level 7 in Crossbows
 10781 | Lair:2   | Reached skill level 7 in Throwing
 10781 | Lair:2   | Reached skill level 7 in Stealth
 10781 | Lair:2   | Reached skill level 7 in Shields
 10781 | Lair:2   | Reached skill level 7 in Unarmed Combat
 10781 | Lair:2   | Reached skill level 7 in Evocations
 11449 | Lair:3   | Reached skill level 6 in Conjurations
 11449 | Lair:3   | Reached skill level 6 in Hexes
 11449 | Lair:3   | Reached skill level 6 in Summonings
 11449 | Lair:3   | Reached skill level 6 in Necromancy
 11449 | Lair:3   | Reached skill level 6 in Translocations
 11449 | Lair:3   | Reached skill level 6 in Transmutations
 11449 | Lair:3   | Reached skill level 6 in Fire Magic
 11449 | Lair:3   | Reached skill level 6 in Ice Magic
 11449 | Lair:3   | Reached skill level 6 in Air Magic
 11449 | Lair:3   | Reached skill level 6 in Earth Magic
 11449 | Lair:3   | Reached skill level 6 in Poison Magic
 11497 | Lair:3   | Found a staircase to the Shoals.
 11521 | Lair:3   | Reached skill level 8 in Invocations
 11703 | Lair:3   | Reached skill level 9 in Spellcasting
 11947 | Lair:3   | Reached **** piety under Sif Muna
 12018 | Lair:3   | HP: 14/84 [elephant (11)]
 12037 | Lair:3   | Reached skill level 8 in Armour
 12246 | Lair:3   | Reached skill level 9 in Fighting
 12246 | Lair:3   | Reached skill level 9 in Axes
 12246 | Lair:3   | Reached skill level 9 in Dodging
 12350 | Lair:4   | Found a staircase to the Snake Pit.
 12362 | Lair:4   | Reached XP level 13. HP: 63/90 MP: 26/26
 12581 | Lair:4   | Got an ichor-stained hand axe
 12582 | Lair:4   | Identified the +9 hand axe "Coxar" {antimagic, +Fly} (You
                  | found it on level 4 of the Lair of Beasts)
 13160 | Lair:5   | Found a hazy altar of Hepliaklqana.
 13174 | Lair:5   | Lost mutation: You are frail. (-10% HP) [potion of
                  | mutation]
 13174 | Lair:5   | Lost mutation: You are partially covered in slimy green
                  | scales. (AC +2) [potion of mutation]
 13174 | Lair:5   | Lost mutation: You have sharp fingernails. [potion of
                  | mutation]
 13174 | Lair:5   | Gained mutation: Scrolls take you a little longer to read.
                  | [potion of mutation]
 13174 | Lair:5   | Gained mutation: Your flesh is heat resistant. (rF+)
                  | [potion of mutation]
 13175 | Lair:5   | Lost mutation: You are partially covered in thin metallic
                  | scales. (AC +2) [potion of mutation]
 13175 | Lair:5   | Lost mutation: Scrolls take you a little longer to read.
                  | [potion of mutation]
 13175 | Lair:5   | Lost mutation: Your flesh is heat resistant. (rF+) [potion
                  | of mutation]
 13175 | Lair:5   | Gained mutation: You have a pair of small horns on your
                  | head. [potion of mutation]
 13175 | Lair:5   | Gained mutation: You have an increased reservoir of magic.
                  | (+10% MP) [potion of mutation]
 13259 | Lair:5   | Got a fine quarterstaff
 13266 | Lair:5   | Identified the +2 quarterstaff of Zainy {crush, rPois rC-
                  | MR- Dex+6} (You found it on level 5 of the Lair of Beasts)
 13336 | Lair:5   | You fall into a shaft and drop 1 floor!
 13336 | Lair:6   | Entered Level 6 of the Lair of Beasts
 13336 | Lair:6   | Found a staircase to the Slime Pits.
 13723 | Lair:6   | Reached skill level 8 in Short Blades
 13723 | Lair:6   | Reached skill level 8 in Long Blades
 13723 | Lair:6   | Reached skill level 8 in Maces & Flails
 13723 | Lair:6   | Reached skill level 8 in Polearms
 13723 | Lair:6   | Reached skill level 8 in Staves
 13723 | Lair:6   | Reached skill level 8 in Slings
 13723 | Lair:6   | Reached skill level 8 in Bows
 13723 | Lair:6   | Reached skill level 8 in Crossbows
 13723 | Lair:6   | Reached skill level 8 in Throwing
 13723 | Lair:6   | Reached skill level 8 in Stealth
 13723 | Lair:6   | Reached skill level 8 in Shields
 13723 | Lair:6   | Reached skill level 8 in Unarmed Combat
 13723 | Lair:6   | Reached skill level 8 in Evocations
 13746 | Lair:6   | Reached ***** piety under Sif Muna
 13877 | Lair:6   | Paralysed by a wizard for 3 turns
 13921 | Lair:6   | Received a gift from Sif Muna
 13933 | Lair:6   | HP: 16/101 [hell hound (7)]
 13934 | Lair:6   | Killed from afar by a smoke demon

Levels and vault maps discovered:
D:1:      shiori_shiawase, layout_basic
D:2:      layout_rooms
D:3:      layout_loops_ring, nicolae_overflow_crystal_walls,
          lemuel_doored_altar, first_ration, st_stairs_9, minmay_misc_feat_rows,
          kennysheep_generic_room_4
D:4:      layout_cave_pods, nicolae_overflow_hidden_temple, temple_fountains,
          kennysheep_generic_room_13
D:5:      layout_basic, gammafunk_ghost_stat_death, basic_altar, serial_shops,
          shop
D:6:      minmay_thinvault, layout_gridville, kennysheep_mini,
          lemuel_crystal_altar, basic_altar, uniq_duvessa
D:7:      layout_loops_corners, nicolae_qazlal_style_of_elements,
          eat_drink_and_be_merry_uskayaw, kennysheep_little_box,
          lightli_temple_of_fire, dk_rats_in_the_wall
D:8:      layout_cave_pools, old_standard_altar, erik_lair_dragon,
          serial_co_window_serial, co_window_paths_a,
          co_window_of_opportunity_a, co_window_paths_a, co_window_paths_b,
          co_window_paths_a, co_window_cross_3, co_window_broadway_a,
          co_window_broadway_c, co_window_corner_b, co_window_corner_b,
          glass_columns_a, glass_columns_b, glass_columns_b, glass_columns_b,
          glass_columns_b
D:9:      layout_roguey, enter_bailey_2, grunt_ogre_cave, uniq_grum, uniq_harold
D:10:     layout_basic, uniq_psyche
Temple:   minmay_temple_curvy_loop
Lair:1:   layout_gridlike, serial_rivers, chequers_serial_rivers_marsh,
          chequers_serial_rivers_small_b, chequers_serial_rivers_room_a,
          chequers_serial_rivers_micro_a, chequers_serial_rivers_small_3
Lair:2:   layout_cave_pods, gauntlet_entry_generic, serial_bayou_shore_a,
          grunt_megastairs_3, serial_bayou_shore_b
Lair:3:   layout_misc_corridors, elwin_shoals_entry_stream,
          chequers_serial_rivers_small_3, st_stairs_8
Lair:4:   layout_hall_layers, minmay_snake_entry_guardpost_small,
          chequers_serial_rivers_micro_e, grunt_megastairs_2
Lair:5:   layout_loops_ring, basic_altar, st_stairs_11,
          minmay_lair_oklob_chamber
Lair:6:   evil_forest, layout_loops_ring, minmay_slime_entry_pillars,
          minivault_24, minmay_lair_oklob_items, lemuel_fruit_fields,
          lemuel_fruit_fields

Skill      XL: |  1  2  3  4  5  6  7  8  9 10 11 12 13 |
---------------+----------------------------------------+-----
Spellcasting   | 5 6 7 8 9 |  9.6
Invocations    | 1 2 3 4 5 6 7 8 |  8.9
Short Blades   | 1 2 3 4 5 6 7 8 |  8.1
Long Blades    | 1 2 3 4 5 6 7 8 |  8.1
Maces & Flails | 1 2 3 4 5 6 7 8 |  8.1
Polearms       | 1 2 3 4 5 6 7 8 |  8.1
Staves         | 1 2 3 4 5 6 7 8 |  8.1
Slings         | 1 2 3 4 5 6 7 8 |  8.1
Bows           | 1 2 3 4 5 6 7 8 |  8.1
Crossbows      | 1 2 3 4 5 6 7 8 |  8.1
Throwing       | 1 2 3 4 5 6 7 8 |  8.1
Stealth        | 1 2 3 4 5 6 7 8 |  8.1
Shields        | 1 2 3 4 5 6 7 8 |  8.1
Unarmed Combat | 1 2 3 4 5 6 7 8 |  8.1
Evocations     | 1 2 3 4 5 6 7 8 |  8.1
Conjurations   | 1 2 3 4 5 6 |  6.7
Hexes          | 1 2 3 4 5 6 |  6.7
Summonings     | 1 2 3 4 5 6 |  6.7
Necromancy     | 1 2 3 4 5 6 |  6.7
Translocations | 1 2 3 4 5 6 |  6.7
Transmutations | 1 2 3 4 5 6 |  6.7
Fire Magic     | 1 2 3 4 5 6 |  6.7
Ice Magic      | 1 2 3 4 5 6 |  6.7
Air Magic      | 1 2 3 4 5 6 |  6.7
Earth Magic    | 1 2 3 4 5 6 |  6.7
Poison Magic   | 1 2 3 4 5 6 |  6.7
Armour         | 3 4 5 6 7 8 |  8.6
Fighting       | 5 6 7 8 9 |  9.4
Axes           | 5 6 7 8 9 |  9.4
Dodging        | 5 6 7 8 9 |  9.4
Charms         | 6 7 8 |  8.8

Action                   |  1- 3 |  4- 6 |  7- 9 | 10-12 | 13-15 || total
-------------------------+-------+-------+-------+-------+-------++-------
Melee: Hand axe          |   120 |    10 |       |       |       ||   130
       Bite              |    11 |     4 |    27 |    89 |    20 ||   151
       Quarterstaff      |       |   114 |   121 |       |       ||   235
       Headbutt          |       |       |    26 |    12 |    14 ||    52
       Long sword        |       |       |    70 |   159 |       ||   229
       Morningstar       |       |       |       |   454 |   109 ||   563
       Unarmed           |       |       |       |       |     4 ||     4
 Fire: Hunting sling     |       |       |    54 |    10 |       ||    64
Throw: Dart              |       |     6 |       |       |       ||     6
 Cast: Regeneration      |     1 |     6 |    10 |    43 |     7 ||    67
       Spectral Weapon   |     1 |     9 |    28 |    72 |    17 ||   127
       Shroud of Golubri |     1 |     3 |    10 |    36 |    13 ||    63
       Song of Slaying   |     1 |       |     2 |     3 |       ||     6
       Infusion          |       |     1 |     4 |     7 |       ||    12
 Abil: Stop Flying       |       |       |       |     3 |       ||     3
       Evoke Flight      |       |       |       |     3 |       ||     3
Evoke: Wand              |       |       |       |     6 |       ||     6
  Use: Scroll            |       |       |    12 |    11 |     4 ||    27
       Potion            |       |       |     1 |     9 |     3 ||    13
 Stab: Sleeping          |     1 |       |     4 |    15 |     2 ||    22
       Distracted        |       |     1 |       |     6 |     4 ||    11
  Eat: Chunk             |     1 |     7 |    12 |    24 |     2 ||    46
       Ration            |       |       |     1 |     2 |       ||     3
Armor: Leather armour    |    34 |    35 |    13 |   235 |    49 ||   366
       Ring mail         |       |       |    25 |    41 |       ||    66
Dodge: Dodged            |    85 |   129 |   131 |   638 |   125 ||  1108
Block: Buckler           |       |       |    10 |   227 |    44 ||   281
       Rpst.: Long sword |       |       |    11 |    26 |       ||    37

Table legend:
 A = Non-vault XP
 B = Vault XP
 C = Vault XP percentage of total XP
 D = Non-vault monster count
 E = Vault monster count
 F = Vault count percentage of total count
                 A         B        C        D         E       F
            +---------+---------+-------+---------+---------+-------
      Total |   20609 |   20457 |  49.8 |     251 |     106 |  29.7
            +---------+---------+-------+---------+---------+-------
        D:1 |      45 |       0 |   0.0 |      22 |       0 |   0.0
        D:2 |      65 |       0 |   0.0 |      20 |       0 |   0.0
        D:3 |     236 |      11 |   4.5 |      37 |       4 |   9.8
        D:4 |     290 |       2 |   0.7 |      12 |       1 |   7.7
        D:5 |     455 |     639 |  58.4 |      15 |       4 |  21.1
        D:6 |    1194 |     900 |  43.0 |      23 |      11 |  32.4
        D:7 |     490 |       0 |   0.0 |      11 |       0 |   0.0
        D:8 |    1252 |    1010 |  44.7 |      22 |       5 |  18.5
        D:9 |    1724 |    2589 |  60.0 |      11 |       7 |  38.9
     Lair:1 |    1520 |       0 |   0.0 |      10 |       0 |   0.0
     Lair:2 |    4991 |     145 |   2.8 |      30 |       1 |   3.2
     Lair:3 |    5002 |    1531 |  23.4 |      23 |       4 |  14.8
     Lair:4 |    1549 |     643 |  29.3 |       6 |       4 |  40.0
     Lair:5 |    1637 |     259 |  13.7 |       8 |       1 |  11.1
     Lair:6 |     159 |    6215 |  97.5 |       1 |      17 |  94.4
     Bailey |       0 |    4241 | 100.0 |       0 |      42 | 100.0
   Gauntlet |       0 |    2272 | 100.0 |       0 |       5 | 100.0
            +---------+---------+-------+---------+---------+-------
